 Dungeon Crawl Stone Soup version 0.30.1-9-gdf580d7c3d (webtiles) character file.

Game seed: 17857705829810285640

492 LordWeiramon the Cutter (level 7, 0/60 HPs)
             Began as a Kobold Wanderer on Oct 5, 2023.
             Was a Follower of Ashenzari.
             Succumbed to a killer bee's poison
             ... on level 4 of the Dungeon.
             The game lasted 01:05:19 (5544 turns).

LordWeiramon the Cutter (Kobold Wanderer)           Turns: 5544, Time: 01:05:20

Health: 0/60       AC: 23    Str: 10    XL:     7   Next: 37%
Magic:  8/8        EV:  3    Int: 14    God:    Ashenzari [*.....]
Gold:   181        SH:  0    Dex: 17    Spells: 5/8 levels left

rFire   + . .        a - +2 rapier
rCold   . . .        (no shield)
rNeg    . . .        d - melded +0 robe of the Manifest Moon {Alch, Bglg} (curse)
rPois   +            (helmet currently unavailable)
rElec   .            v - melded +2 cloak
rCorr   .            (gloves currently unavailable)
SInv    .            (boots currently unavailable)
Will    .....        (no amulet)
Stlth   +++          w - ring of the Shackled Suspicion {rF+, Cun, Range} (curse)
HPRegen 0.30/turn    (no ring)
MPRegen 0.11/turn

%: random rage (3%)
@: lethally poisoned (0 -> -4), tree-form (expiring), silenced, attractive
A: stationary, stasis, torment immunity, boosted hp, small, no large weapons,
nightstalker 3, thin skeletal structure 1, berserk 1, MP-powered wands,
devolution 1
a: Renounce Religion, Shatter the Chains


You were on level 4 of the Dungeon.
You worshipped Ashenzari.
Ashenzari was aware of your devotion.
You were a tree.
You visited 2 branches of the dungeon, and saw 7 of its levels.

You collected 233 gold pieces.
You spent 52 gold pieces at shops.

Inventory:

Hand Weapons
 a - a +2 rapier (weapon)
Missiles
 h - 4 boomerangs (quivered)
 r - 2 throwing nets
Armour
 d - the cursed +0 robe of the Manifest Moon (melded) {Alch, Bglg}

   It has a curse which improves the following skills: Alchemy: Poison Magic and
   Transmutations.
   Beguiling: Conjurations, Hexes and Translocations.
 v - a +2 cloak (melded)
 z - a +0 leather armour
Jewellery
 w - the cursed ring of the Shackled Suspicion (left branch) {rF+, Cun, Range}
   (You found it on level 2 of the Dungeon)

   [ring of protection from fire]

   rF:        It protects you from fire.
   It has a curse which improves the following skills: Cunning: Dodging and
   Stealth.
   Ranged Combat: Ranged Weapons and Throwing.
Wands
 c - a wand of polymorph (2)
 j - a wand of flame (9)
Scrolls
 e - a scroll of fog
 l - a scroll of vulnerability
 m - a scroll of teleportation
 p - a scroll of magic mapping
 t - 2 scrolls of amnesia
 x - a scroll of poison
Potions
 i - a potion of attraction
 A - a potion of flight


   Skills:
 - Level 2.3 Fighting
 + Level 7.8 Short Blades
 - Level 1.0 Armour
 - Level 2.5(3.2) Dodging
 - Level 2.5(3.2) Stealth
 - Level 1.1 Spellcasting
 - Level 3.0 Translocations
 - Level 6.0 Evocations


You had 5 spell levels left.
You knew the following spells:

 Your Spells              Type           Power      Damage    Failure   Level
b - Blink                 Tloc           18%        N/A       12%         2
g - Apportation           Tloc           18%        N/A       8%          1

Your spell library contained the following spells:

 Spells                   Type           Power      Damage    Failure   Level
 Necrotise                Necr           0%         1d4       26%         1
 Volatile Blastmotes      Fire/Tloc      8%         2d10      38%         3
 Ozocubu's Armour         Ice            0%         N/A       61%         3
 Vampiric Draining        Necr           0%         2d6       61%         3
 Leda's Liquefaction      Hex/Erth       0%         N/A       95%         4
 Agony                    Necr           0%         N/A       100%        5
 Lee's Rapid Deconstruct  Erth           0%         3d4*      100%        5
 Statue Form              Tmut/Erth      0%         N/A       100%        6
 Ozocubu's Refrigeration  Ice            0%         4d7       100%        7


Dungeon Overview and Level Annotations

Branches:
Dungeon (6/15)             Temple (1/1) D:5

Altars:
Ashenzari
Cheibriados
Dithmenos
Elyvilon
Gozag
Kikubaaqudgha
Makhleb
Nemelex Xobeh
Ru
Sif Muna
Trog
Uskayaw
Vehumet
Wu Jian
Xom

Shops:
D:4 **

Annotations:
D:1 2 runed translucent doors, exclusion: 2 doors
D:2 1 runed translucent door, Crazy Yiuf
D:3 1 runed translucent door, Drunn's ghost, amateur DsEE
D:4 bees, exclusion: orc priest
D:5 Duvessa; Grinder


Innate Abilities, Weirdness & Mutations

You are a tree.
Your roots penetrate the ground, keeping you stationary.
You cannot be teleported.
You are immune to unholy pain and torment.
Your maximum health is greatly increased.
Your equipment is partially melded.
You are small and have problems with some larger weapons.
You are completely attuned to the shadows.
You have a somewhat thin skeletal structure. (Dex +2, Stealth+)
You sometimes lose your temper in combat.
You expend magic power (3 MP) to strengthen your wands.
You have hidden genetic defects.


Message History

The killer bee stings you.
* * * LOW HITPOINT WARNING * * *
The killer bee stings you but does no damage. x3
Unknown command.
Unknown command.
Unknown command.
Aiming: Throw Flame
Press: ? - help, Shift-Dir - straight line, f/p - killer bee
Aim: a killer bee (silenced, heavily wounded, 48% to hit)
The puff of flame hits the killer bee.
The killer bee is almost dead.
Your transformation is almost over.
The killer bee stings you but does no damage. x2
The killer bee stings you.
* * * LOW HITPOINT WARNING * * *
The killer bee stings you but does no damage. x2
The killer bee barely misses you.
Unknown command.
Unknown command.
Aiming: Throw Flame
Press: ? - help, Shift-Dir - straight line, f/p - killer bee
Aim: a killer bee (silenced, almost dead, 48% to hit)
The puff of flame hits the killer bee!
You kill the killer bee!
The killer bee stings you but does no damage.
The killer bee stings you.
* * * LOW HITPOINT WARNING * * *
You are lethally poisoned!
The killer bee poisons you!
The killer bee stings you but does no damage. x2
Unknown command.
Unknown command.
Really quaff the potion of mutation?
You feel extremely strange.
You feel conductive.
Your thinking seems confused.
You no longer feel heat resistant.
Your bones become slightly less dense.
You feel a hidden malignance growing inside you.
You feel a little pissed off.
You feel your magical essence link to the dungeon's wands.
You die...

.##.....# ..#...^.#
.#.##...###
.#........####
.#.........#.### #.
...............# #..
.###......#...####...
####.....##...##.....
###.............♣y...
.
##..##...###.).††y...
.. #
....##.......##.##...
..y###
....#........##......
......
..................#..
....yy
.....#.###........#
.#####
...###.......###.##
#. .............#
#..... ...
......##...### #.....
#...


You could see 2 killer bees.

Vanquished Creatures
  4 killer bees (D:4)
  An orc priest (D:4)
  An iguana (D:5)
  An orc wizard (D:5)
  2 sleepcaps
  5 gnolls
  5 adders
  A dart slug (D:4)
  10 orcs
  9 ball pythons
  4 endoplasms
  2 giant cockroaches
  9 goblins
  10 hobgoblins
  3 jackals
  2 quokkas
  7 bats
  3 frilled lizards (D:1)
  7 kobolds
  2 rats
88 creatures vanquished.

Notes
Turn   | Place    | Note
-------+----------+-------------------------------------------
     0 | D:1      | LordWeiramon the Kobold Wanderer began the quest for the
                  | Orb.
     0 | D:1      | LordWeiramon set off with the following items: a +0 dagger,
                  | a wand of polymorph (5), a scroll of blinking, a +0 robe, a
                  | scroll of fog; and the following spell memorised:
                  | Apportation; and the following spells available to
                  | memorise: Blink, Volatile Blastmotes.
     0 | D:1      | Reached XP level 1. HP: 10/10 MP: 2/2
    96 | D:1      | Reached skill level 1 in Short Blades
   233 | D:1      | Reached skill level 1 in Fighting
   233 | D:1      | Reached XP level 2. HP: 16/16 MP: 3/3
   305 | D:1      | Found a large runed translucent door.
   305 | D:1      | Found a large runed translucent door.
   512 | D:1      | Reached skill level 2 in Short Blades
   529 | D:1      | Learned a level 2 spell: Blink
  1012 | D:1      | Reached XP level 3. HP: 19/20 MP: 4/4
  1074 | D:1      | Reached skill level 3 in Short Blades
  1307 | D:2      | Reached skill level 1 in Stealth
  1837 | D:2      | Found a runed translucent door.
  1840 | D:2      | Noticed Crazy Yiuf
  2508 | D:2      | Reached skill level 4 in Short Blades
  2508 | D:2      | Reached XP level 4. HP: 21/25 MP: 5/5
  2601 | D:3      | Found a runed translucent door.
  2602 | D:3      | Noticed Drunn's ghost (amateur DsEE)
  2709 | D:3      | Found a shadowy altar of Dithmenos.
  2757 | D:3      | You fall into a shaft and drop 3 floors!
  2760 | D:5      | Entered Level 5 of the Dungeon
  2781 | D:5      | Noticed Grinder
  2816 | D:5      | Reached skill level 1 in Dodging
  2825 | D:5      | Found a staircase to the Ecumenical Temple.
  2837 | Temple   | Entered the Ecumenical Temple
  2842 | Temple   | Became a worshipper of Ashenzari the Shackled
  3020 | D:3      | Reached XP level 5. HP: 28/29 MP: 6/6
  3097 | D:3      | Identified the +1 ring mail "Unlassez" {Rampage rF- Str+2}
  3421 | D:3      | Found a sparkling altar of Nemelex Xobeh.
  3569 | D:3      | Found an ornate altar of the Wu Jian Council.
  3966 | D:4      | Found a burning altar of Makhleb.
  3967 | D:4      | Found a radiant altar of Vehumet.
  3967 | D:4      | Found a sacrificial altar of Ru.
  4137 | D:4      | Reached skill level 5 in Short Blades
  4217 | D:4      | Found Kiluak's General Store.
  4218 | D:4      | Found Fudihieq's Specific Store.
  4231 | D:4      | Bought a +0 rapier for 52 gold pieces
  5108 | D:5      | Reached XP level 6. HP: 33/35 MP: 7/7
  5117 | D:5      | Found an opulent altar of Gozag.
  5277 | D:5      | Reached skill level 6 in Short Blades
  5298 | D:5      | Noticed Duvessa
  5313 | D:5      | Reached * piety under Ashenzari
  5512 | D:4      | Reached XP level 7. HP: 28/40 MP: 8/8
  5525 | D:4      | Reached skill level 7 in Short Blades
  5541 | D:4      | Gained mutation: You are resistant to electric shocks.
                  | (rElec) [potion of mutation]
  5541 | D:4      | Gained mutation: You possess an exceptional clarity of
                  | mind. [potion of mutation]
  5541 | D:4      | Gained mutation: Your flesh is heat resistant. (rF+)
                  | [potion of mutation]
  5542 | D:4      | HP: 3/60 [killer bee (2)]
  5544 | D:4      | Lost mutation: You are resistant to electric shocks.
                  | (rElec) [potion of mutation]
  5544 | D:4      | Lost mutation: You possess an exceptional clarity of mind.
                  | [potion of mutation]
  5544 | D:4      | Lost mutation: Your flesh is heat resistant. (rF+) [potion
                  | of mutation]
  5544 | D:4      | Gained mutation: You have a somewhat thin skeletal
                  | structure. (Dex +2, Stealth+) [potion of mutation]
  5544 | D:4      | Gained mutation: You have hidden genetic defects. [potion
                  | of mutation]
  5544 | D:4      | Gained mutation: You sometimes lose your temper in combat.
                  | [potion of mutation]
  5544 | D:4      | Gained mutation: You expend magic power (3 MP) to
                  | strengthen your wands. [potion of mutation]
  5544 | D:4      | Succumbed to a killer bee's poison

Illustrated notes

Levels and vault maps discovered:
D:1:      erik_arrival_cave_to_civilisation [erik_arrival_cave_to_temple],
          layout_basic
D:2:      layout_loops_corners, cheibrodos_gnoll_hut, uniq_crazy_yiuf_cottage
D:3:      layout_basic, mainiacjoe_overflow_catwalk,
          nicolae_dithmenos_shadow_blocks, nzn_wu_jian_contemplation,
          gammafunk_ghost_grave, grunt_ministairs_5
D:4:      layout_cave_pools, chequers_temple_overflow_statue_of_worship,
          nicolae_specific_store
D:5:      layout_basic, nicolae_gozag_seed_capital,
          minmay_temple_entry_glassed_door, uniq_grinder, uniq_duvessa
D:6:      layout_rooms, mainiacjoe_overflow_alcove_1, jmf_multi_god_temple2
Temple:   hellmonk_temple_of_storms

Skill      XL: |  1  2  3  4  5  6  7 |
---------------+----------------------+-----
Short Blades   | 1 2 4 5 6 7 |  7.8
Fighting       | 1 2 |  2.3
Stealth        | 1 2 |  2.5
Dodging        | 1 2 |  2.5
Armour         | |  1.0
Spellcasting   | |  1.1
Translocations | |  3.0
Evocations     | |  6.0

Action                     |  1- 3 |  4- 6 |  7- 9 || total
---------------------------+-------+-------+-------++-------
  Melee: Dagger            |    18 |       |       ||    18
         Short sword       |   105 |   142 |       ||   247
         Rapier            |       |    78 |    14 ||    92
         Punch             |       |     2 |       ||     2
  Throw: Boomerang         |       |     4 |       ||     4
 Invoke: Curse Item        |       |     2 |       ||     2
  Evoke: Wand              |     2 |    13 |     4 ||    19
    Use: Scroll            |     4 |     9 |     1 ||    14
         Potion            |       |     7 |     5 ||    12
   Stab: Sleeping          |    17 |    17 |       ||    34
         Distracted        |       |     1 |       ||     1
 Armour: Robe              |     9 |    40 |       ||    49
         Skin              |       |       |    58 ||    58
  Dodge: Dodged            |    70 |   139 |    11 ||   220
